 Dungeon Crawl Stone Soup version 0.20-b1-24-gb21faa7 (webtiles) character file.

17946 Gorglomux the Grappler (level 12, -8/198 HPs)
             Began as a Troll Berserker on May 25, 2017.
             Was a High Priest of Trog.
             Mangled by a polar bear (21 damage)
             ... on level 4 of the Lair of Beasts.
             The game lasted 00:09:10 (10160 turns).

Gorglomux the Grappler (Troll Berserker)           Turns: 10160, Time: 00:09:11

Health: -8/198     AC:  8    Str: 33    XL:     12   Next: 23%
Magic:  11/11      EV: 14    Int:  3    God:    Trog [*****.]
Gold:   443        SH:  0    Dex: 13    Spells: 11/11 levels left

rFire    . . .     SeeInvis .     - Unarmed
rCold    . . .     Gourm    +   (no shield)
rNeg     . . .     Faith    .   a - +0 animal skin
rPois    .         Spirit   .   (helmet restricted)
rElec    .         Reflect  .   (no cloak)
rCorr    .         Harm     .   (gloves unavailable)
MR       .....                  (boots unavailable)
Stlth    ..........             (no amulet)
Regen    0.9/turn               d - +3 ring of protection
MPRegen  0.2/turn               x - +3 ring of evasion

@: berserking, very quick
A: unfitting armour, claws 3, fast metabolism 3, gourmand, regeneration 1,
shaggy fur 1, tough skin 2
a: Berserk, Trog's Hand, Brothers in Arms, Burn Spellbooks, Renounce Religion


You were on level 4 of the Lair of Beasts.
You worshipped Trog.
Trog was extremely pleased with you.
You were full.

You visited 2 branches of the dungeon, and saw 15 of its levels.

You collected 908 gold pieces.
You spent 465 gold pieces at shops.

Inventory:

Missiles
 C - 6 large rocks (quivered)
 Z - 5 throwing nets
Armour
 a - a +0 animal skin (worn)
Jewellery
 d - a +3 ring of protection (left claw)
 m - an uncursed ring of protection from magic
 x - a +3 ring of evasion (right claw)
Wands
 t - a wand of iceblast (6/15)
 y - a wand of flame (7/48)
 D - a wand of digging (6/24)
 E - a wand of enslavement (9/24)
 I - a wand of iceblast (14/15)
 L - a wand of lightning (5/15)
Scrolls
 f - 3 scrolls of fog
 i - 5 scrolls of remove curse
 j - 4 scrolls of recharging
 B - 3 scrolls of blinking
 F - 5 scrolls of magic mapping
 H - a scroll of brand weapon {unknown}
 N - a scroll of silence
 R - 3 scrolls of identify
 T - 8 scrolls of teleportation
 V - a scroll of enchant armour
Potions
 c - 3 potions of haste
 w - 4 potions of heal wounds
 A - a potion of berserk rage {unknown}
 G - a potion of cancellation
 J - 2 potions of mutation {!q}
 K - a potion of invisibility
 M - a potion of ambrosia
 O - 2 potions of brilliance {unknown}
 Q - 7 potions of curing
 S - 8 potions of might
 U - 2 potions of flight
Books
 u - the Guide on Dark Secrets and Aid
   (You found it on level 4 of the Lair of Beasts)

   Spells                             Type                      Level
   a - Pain                           Necromancy                   1
   b - Sublimation of Blood           Necromancy                   2
   c - Control Undead                 Necromancy                   4
   d - Iskenderun's Battlesphere      Conjuration/Charms           5
   Trog disapproves of the use of such an item.
 v - a book of Minor Magic

   Spells                             Type                      Level
   a - Magic Dart                     Conjuration                  1
   b - Blink                          Translocation                2
   c - Call Imp                       Summoning                    2
   d - Slow                           Hexes                        2
   e - Conjure Flame                  Conjuration/Fire             3
   f - Mephitic Cloud                 Conjuration/Poison/Air       3
   Trog disapproves of the use of such an item.
 W - a book of Callings

   Spells                             Type                      Level
   a - Summon Small Mammal            Summoning                    1
   b - Call Imp                       Summoning                    2
   c - Call Canine Familiar           Summoning                    3
   d - Summon Guardian Golem          Hexes/Summoning              3
   e - Summon Lightning Spire         Summoning/Air                4
   f - Summon Ice Beast               Ice/Summoning                4
   Trog disapproves of the use of such an item.
Miscellaneous
 Y - a lamp of fire (inert)
Comestibles
 b - 14 bread rations
 z - 5 meat rations
 P - 4 royal jellies
 X - 10 fruits


   Skills:
 + Level 11.9 Fighting
 + Level 3.5 Dodging
 + Level 14.1 Unarmed Combat


You had 11 spell levels left.
You didn't know any spells.

Dungeon Overview and Level Annotations

Branches:
Dungeon (11/15)            Temple (0/1) D:7            Lair (4/6) D:11
  Snake (0/4) Lair:4
  Swamp: Lair:2-4    Shoals: Lair:2-4       Orc: D:9-12

Altars:
Fedhas
Okawaru
Uskayaw
Yredelemnul

Shops:
D:6 (   D:8 }   D:9 [%[!?

Portals:
Ice
Cave: Lair:4


Innate Abilities, Weirdness & Mutations

You are too large for most types of armour.
You have claws for hands.
Your metabolism is lightning-fast.
You like to eat raw meat.
Your natural rate of healing is unusually fast.
You are covered in fur. (AC +1)
You have very tough skin. (AC +2)


Message History

The polar bear bites you!
The polar bear claws you but does no damage.
The polar bear closely misses you.
You claw the polar bear!
The polar bear is almost dead.
The polar bear bites you!!
* * * LOW HITPOINT WARNING * * *
The polar bear claws you but does no damage.
The polar bear claws you.
* * * LOW HITPOINT WARNING * * *
You are too injured to fight recklessly!
Unknown command.
A red film seems to cover your vision as you go berserk!
You feel yourself moving faster!
You feel mighty!
You feel a lot less full. The polar bear completely misses you.
The polar bear claws you.
* * * LOW HITPOINT WARNING * * *
The polar bear claws you.
* * * LOW HITPOINT WARNING * * *
The polar bear bites you!!
You die...

#..P.+.####.........
#.###.#####........
#.###....##........
#..##...#.#....#
##..##...##....P#
#..##....####.###
##.###...###.##
#.... ..... #.#
######.## #..P.
##.... ##.###.# ##@#
#+..P+#......
#..#..### #h#
##.#.#.###....
##......#


#YY #............. ##......# hD## #............ #.......# ... #............
##......# .... #............ #......# ..∩. ##..+..##.... ##...#####.....
###.####.... #..### #.## #.... You could see an ice dragon, 2 polar bears and 2
yaks.

Vanquished Creatures
  Erolcha (D:11)
  Harold (Lair:2)
  A hydra (Lair:3)
  2 black mambas
  A centaur zombie (D:11)
  A centaur skeleton (D:11)
  5 spiny frogs
  A rime drake (Lair:3)
  2 komodo dragons
  A polar bear (Lair:3)
  A hornet (D:9)
  Grinder (D:3)
  5 blink frogs (Lair:4)
  3 hippogriffs
  Prince Ribbit (D:6)
  A spriggan (D:8)
  2 wyverns
  8 yaks
  A hungry ghost (D:10)
  4 nagas (Lair:4)
  3 water moccasins
  3 orc warriors
  12 porcupines
  2 black bears
  A hornet zombie (D:8)
  2 ice beasts
  4 sky beasts
  An eye of draining (D:9)
  3 phantoms
  7 wolves (Lair:4)
  2 centaurs
  6 ogres
  2 big kobolds
  7 crocodiles
  15 bullfrogs
  6 scorpions
  9 wights
  A water moccasin skeleton (D:7)
  3 killer bees
  3 electric eels (Lair:3)
  3 howler monkeys
  4 crimson imps
  2 quasits
  A bullfrog zombie (D:8)
  4 orc priests
  4 hounds
  4 jellies
  4 bullfrog skeletons
  3 iguanas
  Natasha (thrice) (D:3)
  3 orc wizards (D:8)
  7 worker ants
  2 hound skeletons (D:11)
  9 adders
  3 gnolls (D:7)
  3 oozes
  2 worms (D:3)
  A dart slug (D:2)
  5 leopard geckos
  11 orcs
  4 bats
  4 giant cockroaches
  7 goblins
  3 hobgoblins
  8 jackals
  11 kobolds
  2 quokkas
  2 frilled lizards (D:3)
  A quokka skeleton (D:9)
  A quokka zombie (D:7)
  3 rats
  2 fungi (D:11)
261 creatures vanquished.

Vanquished Creatures (others)
  7 fungi
  5 plants
12 creatures vanquished.

Grand Total: 273 creatures vanquished

Notes
Turn   | Place    | Note
-------+----------+-------------------------------------------
     0 | D:1      | Gorglomux the Troll Berserker began the quest for the Orb.
     0 | D:1      | Reached XP level 1. HP: 22/22 MP: 0/0
   653 | D:2      | Reached XP level 2. HP: 29/29 MP: 1/1
   895 | D:2      | Reached XP level 3. HP: 36/36 MP: 2/2
  1108 | D:2      | Reached skill level 3 in Fighting
  1110 | D:2      | Reached skill level 4 in Unarmed Combat
  1272 | D:3      | Noticed Natasha
  1283 | D:3      | Killed Natasha
  1283 | D:3      | Reached XP level 4. HP: 20/45 MP: 3/3
  1286 | D:3      | Reached ** piety under Trog
  1340 | D:3      | Noticed Grinder
  1359 | D:3      | Killed Grinder
  1359 | D:3      | Reached skill level 5 in Unarmed Combat
  1359 | D:3      | Reached XP level 5. HP: 53/54 MP: 4/4
  1359 | D:3      | Reached XP level 6. HP: 61/62 MP: 5/5
  1512 | D:3      | Noticed Natasha
  1518 | D:3      | Killed Natasha
  1703 | D:3      | Noticed Natasha
  1722 | D:3      | HP: 4/94 [iron imp[Natasha] (9)]
  1723 | D:3      | Killed Natasha
  1876 | D:3      | Found a basalt altar of Yredelemnul.
  1878 | D:3      | Found an iron altar of Okawaru.
  1917 | D:3      | Found a blossoming altar of Fedhas.
  2197 | D:4      | Reached skill level 6 in Unarmed Combat
  2613 | D:5      | Entered Level 5 of the Dungeon
  2630 | D:5      | Reached XP level 7. HP: 59/72 MP: 6/6
  3547 | D:6      | Found a hide-covered altar of Uskayaw.
  3579 | D:6      | Noticed Prince Ribbit
  3592 | D:6      | Killed Prince Ribbit
  3592 | D:6      | Reached skill level 7 in Unarmed Combat
  3612 | D:6      | Reached XP level 8. HP: 83/83 MP: 7/7
  3622 | D:6      | Reached skill level 6 in Fighting
  3747 | D:6      | Reached skill level 8 in Unarmed Combat
  3817 | D:6      | Found Ocafe's Weapon Shoppe.
  4094 | D:7      | Reached *** piety under Trog
  4150 | D:7      | Reached skill level 9 in Unarmed Combat
  4192 | D:7      | Found a staircase to the Ecumenical Temple.
  4229 | D:7      | Reached XP level 9. HP: 92/93 MP: 8/8
  4751 | D:8      | Found Omontush's Gadget Shop.
  4820 | D:8      | Reached **** piety under Trog
  4882 | D:8      | Reached skill level 10 in Unarmed Combat
  5533 | D:9      | Found Sussizit's Food Emporium.
  5562 | D:9      | Found Zir Kosa's Armour Shop.
  5594 | D:9      | Found Esueg's Distillery.
  5598 | D:9      | Bought a potion of curing for 45 gold pieces
  5598 | D:9      | Bought a potion of ambrosia for 120 gold pieces
  5598 | D:9      | Bought a potion of heal wounds for 75 gold pieces
  5598 | D:9      | Bought a potion of curing for 45 gold pieces
  5598 | D:9      | Bought a potion of heal wounds for 75 gold pieces
  5719 | D:9      | Reached XP level 10. HP: 79/106 MP: 9/9
  5728 | D:9      | Found Solae's Antique Armour Emporium.
  5772 | D:9      | Reached skill level 9 in Fighting
  5957 | D:9      | Reached skill level 11 in Unarmed Combat
  5975 | D:9      | Found Wuattieb's Magic Scroll Shoppe.
  5978 | D:9      | Bought a scroll of identify for 28 gold pieces
  5978 | D:9      | Bought a scroll of identify for 28 gold pieces
  5978 | D:9      | Bought a scroll of magic mapping for 49 gold pieces
  6271 | D:10     | Entered Level 10 of the Dungeon
  6845 | D:11     | Noticed Erolcha
  7069 | D:11     | Reached skill level 12 in Unarmed Combat
  7162 | D:11     | Killed Erolcha
  7162 | D:11     | Reached XP level 11. HP: 97/119 MP: 10/10
  7167 | D:11     | Found a staircase to the Lair.
  7183 | Lair:1   | Entered Level 1 of the Lair of Beasts
  7842 | Lair:1   | Reached ***** piety under Trog
  8096 | Lair:2   | Noticed Harold
  8108 | Lair:2   | Killed Harold
  8211 | Lair:2   | Reached skill level 13 in Unarmed Combat
  8843 | Lair:3   | Noticed a four-headed hydra
  8876 | Lair:3   | Killed a seven-headed hydra
  9647 | Lair:4   | Reached XP level 12. HP: 66/131 MP: 11/11
  9705 | Lair:4   | Identified the Guide on Dark Secrets and Aid
  9812 | Lair:4   | Reached skill level 3 in Dodging
  9827 | Lair:4   | Reached skill level 14 in Unarmed Combat
  9896 | Lair:4   | Found a staircase to the Snake Pit.
 10140 | Lair:4   | Found a frozen archway.
 10141 | Lair:4   | Noticed an ice dragon
 10160 | Lair:4   | Mangled by a polar bear

Skill      XL: |  1  2  3  4  5  6  7  8  9 10 11 12 |
---------------+-------------------------------------+-----
Fighting       | 3 4 5 7 8 10 11 | 11.9
Unarmed Combat | 4 5 6 7 9 10 12 13 14 | 14.1
Dodging        | 3 |  3.5

Action                   |  1- 3 |  4- 6 |  7- 9 | 10-12 || total
-------------------------+-------+-------+-------+-------++-------
Melee: Unarmed           |    75 |    67 |   250 |   378 ||   770
       Punch             |     1 |       |    13 |    20 ||    34
Invok: Berserk           |       |     4 |     3 |     9 ||    16
       Trog's Hand       |       |     2 |       |     6 ||     8
       Burn Spellbooks   |       |       |     1 |     1 ||     2
       Brothers in Arms  |       |       |       |     1 ||     1
Evoke: Wand              |       |       |       |     4 ||     4
       Lamp of fire      |       |       |       |     1 ||     1
  Use: Scroll            |       |     6 |       |    15 ||    21
 Stab: Sleeping          |       |     1 |     1 |       ||     2
  Eat: Chunk             |    17 |     9 |    34 |    57 ||   117
Armor: Animal skin       |    20 |    24 |    78 |   105 ||   227
Dodge: Dodged            |    44 |    44 |   132 |   179 ||   399
